[Event "Team 45 45 League T40"]
[Site "Internet Chess Club"]
[Date "2009.03.07"]
[Round "6"]
[White "rayspokemon"]
[Black "MateIn42"]
[Result "0-1"]
[WhiteElo "1295"]
[BlackElo "1428"]
[Opening "Two knights defense"]
[ECO "C58"]
[Time "10:01:01"]
[TimeControl "2700+45"]

1. e4 e5 2. Nf3 Nc6 3. Bc4 Nf6 4. Ng5 d5 5. exd5 Na5 6. Bb5+ Bd7 7. Bxd7+ Qxd7
8. Nf3 e4 9. Ng5 Qxd5 10. Nh3 O-O-O 11. Nf4 Qd6 12. Ne2 Be7 13. Nbc3 Nc4 14. b3
Nb6 15. Ng3 Rhe8 16. O-O Qc6 17. Re1 Bb4 18. Qe2 Bxc3 19. dxc3 Qxc3 20. Bd2 Rxd2
21. Qb5 Rd5 22. Nxe4 Rxe4 23. Qf1 Rde5 24. Rxe4 Rxe4 25. g3 Nbd7 26. Rc1 Qc6 27.
c4 Re5 28. f4 Qc5+ 29. Kh1 Re4 30. Re1 Qc6 31. Rxe4 Qxe4+ 32. Qg2 Qe1+ 33. Qg1
Qxg1+ 34. Kxg1 Ng4 35. h3 Ne3 36. Kf2 Nd1+ 37. Ke2 Nc3+ 38. Kd3 Nxa2 39. Kc2
Nb4+ 40. Kc3 c5 41. Kb2 f5 42. Kc3 Nf6 43. Kb2 Ne4 44. g4 fxg4 45. hxg4 g6 46.
Ka3 h5 47. f5 gxf5 48. gxh5 f4 49. h6 Nf6 50. Ka4 f3 51. Kb5 b6 52. h7 Nxh7 53.
Ka4 f2 54. Kb5 f1=Q 55. Ka4 Qa1+ 56. Kb5 Qa5# {White checkmated} 0-1

[Event "Team 45 45 League T40"]
[Site "Internet Chess Club"]
[Date "2009.03.08"]
[Round "6"]
[White "chesskix"]
[Black "alaskauk"]
[Result "1-0"]
[WhiteElo "1529"]
[BlackElo "1502"]
[Opening "English: symmetrical, four knights system"]
[ECO "A30"]
[Time "13:02:05"]
[TimeControl "2700+45"]

1. Nf3 Nf6 2. c4 c5 3. Nc3 Nc6 4. g3 e6 5. Bg2 Be7 6. O-O a6 7. d3 O-O 8. a3 Qc7
9. Nd2 b6 10. Nde4 Nxe4 11. Nxe4 Bb7 12. Bd2 f5 13. Ng5 Qd8 14. Nf3 Bf6 15. Bc3
Rb8 16. Rb1 Bxc3 17. bxc3 Ba8 18. a4 g5 19. e4 Rf7 20. exf5 exf5 21. Re1 Qf6 22.
Qd2 Rg7 23. Re2 Ne7 24. Rbe1 h6 25. d4 Bxf3 26. Bxf3 g4 27. Bg2 Rd8 28. Qf4 d6
29. Re6 Qf8 30. Qxh6 Rd7 31. Rxd6 Rh7 32. Qxf8+ {Black resigns} 1-0

[Event "Team 45 45 League T40"]
[Site "Internet Chess Club"]
[Date "2009.03.07"]
[Round "6"]
[White "medsurg"]
[Black "Skylab"]
[Result "1-0"]
[WhiteElo "1375"]
[BlackElo "1293"]
[Opening "Sicilian: closed, 2...Nc6"]
[ECO "B23"]
[Time "19:00:08"]
[TimeControl "2700+45"]

1. e4 c5 2. Nc3 Nc6 3. d3 Nf6 4. g3 g6 5. Bg2 Bg7 6. Nf3 O-O 7. O-O d6 8. Be3
Bg4 9. h3 Bd7 10. Qd2 Qc8 11. Kh2 e5 12. Bh6 Nd4 13. Nxd4 cxd4 14. Ne2 Bc6 15.
Bxg7 Kxg7 16. f4 Qd8 17. Rf2 Nd7 18. Raf1 Qe7 19. f5 gxf5 20. Rxf5 Rg8 21. Rh5
Nf6 22. Qh6+ Kh8 23. Rxf6 {Black resigns} 1-0

[Event "Team 45 45 League T40"]
[Site "Internet Chess Club"]
[Date "2009.03.08"]
[Round "6"]
[White "Skyler"]
[Black "CoasterBrake"]
[Result "1-0"]
[WhiteElo "1448"]
[BlackElo "1229"]
[Opening "Queen's pawn, Mason variation"]
[ECO "D00"]
[Time "15:07:40"]
[TimeControl "2700+45"]

1. d4 d5 2. Bf4 Nf6 3. e3 Bf5 4. c3 e6 5. Qb3 b6 6. Bb5+ Nbd7 7. Nf3 a6 8. Bc6
Rb8 9. Qa4 Qc8 10. O-O Be7 11. Rc1 O-O 12. Nbd2 h6 13. c4 Be4 14. Nxe4 Nxe4 15.
cxd5 Ndf6 16. dxe6 fxe6 17. Qc2 Nd5 18. Qxe4 Nf6 19. Qg6 Kh8 20. Ne5 Kg8 21.
Bxh6 Ne8 22. Bxe8 Bf6 23. Nd7 Rxe8 24. Nxf6+ {Black resigns} 1-0

[Event "Team 45 45 League T40"]
[Site "Internet Chess Club"]
[Date "2009.03.07"]
[Round "6"]
[White "otib2006"]
[Black "arconia"]
[Result "0-1"]
[WhiteElo "1350"]
[BlackElo "1408"]
[Opening "Sicilian defense"]
[ECO "B30"]
[Time "09:00:41"]
[TimeControl "2700+45"]

1. e4 c5 2. Nf3 Nc6 3. Bc4 e6 4. O-O d6 5. Re1 Be7 6. d4 cxd4 7. Nxd4 e5 8. Nxc6
bxc6 9. Nc3 Nf6 10. Bg5 O-O 11. Bxf6 Bxf6 12. b4 Qc7 13. Qd3 Bb7 14. a4 Rad8 15.
Qe2 d5 16. Bb3 d4 17. Nb1 Be7 18. b5 Kh8 19. Nd2 f5 20. Nc4 c5 21. f3 f4 22. a5
a6 23. b6 Qb8 24. Na3 Bh4 25. Red1 Rf6 26. Qc4 Qc8 27. Nb5 Rg6 28. Nc7 Qh3 29.
Rd2 Qxf3 30. Qf1 Qxe4 31. Nxa6 Qe3+ 32. Rf2 Rxg2+ 33. Qxg2 Bxg2 34. Kxg2 Qxf2+
35. Kh1 d3 36. b7 Qf3+ 37. Kg1 Qg4+ 38. Kh1 d2 39. c3 Qf3+ 40. Kg1 Bf2+ 41. Kf1
Be3# {White checkmated} 0-1

[Event "Team 45 45 League T40"]
[Site "Internet Chess Club"]
[Date "2009.03.08"]
[Round "6"]
[White "mrmarck"]
[Black "Newcastler"]
[Result "1-0"]
[WhiteElo "1202"]
[BlackElo "1206"]
[Opening "Sicilian defense"]
[ECO "B41"]
[Time "15:02:48"]
[TimeControl "2700+45"]

1. e4 c5 2. Nf3 e6 3. d4 cxd4 4. Qxd4 Nc6 5. Qd1 Nf6 6. Nc3 e5 7. Bc4 h6 8. O-O
a6 9. Re1 b5 10. Bb3 Bc5 11. Be3 Qe7 12. Nd5 Nxd5 13. exd5 Nb4 14. Bxc5 Qxc5 15.
Rxe5+ Kd8 16. d6 Qa7 17. Bxf7 Nc6 18. Qd5 Nxe5 19. Qxe5 Bb7 20. Qxg7 Re8 21.
Bxe8 Qc5 22. Qxd7# {Black checkmated} 1-0

[Event "Team 45 45 League T40"]
[Site "Internet Chess Club"]
[Date "2009.03.09"]
[Round "6"]
[White "ffplayer"]
[Black "Traho"]
[Result "1/2-1/2"]
[WhiteElo "1062"]
[BlackElo "1279"]
[Opening "Nimzo-Indian: classical variation"]
[ECO "E32"]
[Time "19:00:19"]
[TimeControl "2700+45"]

1. d4 Nf6 2. c4 e6 3. Nc3 Bb4 4. Qc2 h6 5. Bf4 Nc6 6. Nf3 d6 7. e3 Nh5 8. Bg3
Nxg3 9. fxg3 a6 10. Bd3 Bxc3+ 11. Qxc3 Qf6 12. O-O Qe7 13. b3 d5 14. cxd5 exd5
15. Rfe1 Be6 16. h3 Qd6 17. g4 b5 18. a3 O-O 19. b4 a5 20. Bxb5 axb4 21. axb4
Nxb4 22. Bd3 Nxd3 23. Qxd3 f6 24. Nh4 Qc6 25. Rac1 Qb6 26. Nf5 Bxf5 27. Qxf5 Qd6
28. Qf2 Rac8 29. Rc5 Rfe8 30. Rec1 c6 31. Qd2 Qe6 32. Re1 Qe4 33. Rc3 Qe7 34.
Rec1 Qd7 35. Kh1 Qd6 36. R1c2 Re6 37. Qc1 g5 38. Qd2 Kg7 39. Qf2 Re7 40. Re2
Rce8 41. Qf5 Re6 42. Qf3 Ra8 43. Rc1 Ra3 44. Rce1 {Game drawn by mutual
agreement} 1/2-1/2

[Event "Team 45 45 League T40"]
[Site "Internet Chess Club"]
[Date "2009.03.07"]
[Round "6"]
[White "jocooper"]
[Black "Graybeard"]
[Result "1/2-1/2"]
[WhiteElo "1167"]
[BlackElo "1170"]
[Opening "QGD semi-Slav: 5.e3"]
[ECO "D45"]
[Time "19:00:38"]
[TimeControl "2700+45"]

1. d4 d5 2. c4 e6 3. Nf3 c6 4. Nc3 Nf6 5. e3 Bb4 6. a3 Bxc3+ 7. bxc3 O-O 8. Bd3
Ne4 9. Bxe4 dxe4 10. Ne5 Nd7 11. Nxd7 Bxd7 12. O-O c5 13. a4 b6 14. Qc2 Bc6 15.
Bb2 Re8 16. Rfd1 Qc7 17. d5 exd5 18. cxd5 Bd7 19. c4 Red8 20. Qc3 f6 21. Qd2 Bf5
22. Qe2 Rd6 23. Qh5 Qd7 24. Qh4 Qf7 25. Qf4 Qd7 26. Rd2 g5 27. Qg3 Rd8 28. f3
Qg7 29. Rf1 Qg6 30. Bc3 h5 31. fxe4 Bxe4 32. Bxf6 Rxf6 33. Rxf6 Qxf6 34. Rf2 Qe7
35. Rf1 Rf8 36. Rf4 Rf5 37. h4 g4 38. Rxf5 Bxf5 39. d6 Qe6 40. Qf4 Kf7 41. e4
Qxc4 42. d7 Qd4+ 43. Kh2 Qxd7 44. exf5 Qd4 45. Qc7+ Kf6 46. Qxa7 Qf4+ 47. g3
Qf2+ 48. Kh1 Qf1+ 49. Kh2 Qf2+ 50. Kh1 Qxg3 51. Qxb6+ Kxf5 52. Qxc5+ Kf4 53.
Qd6+ Kf3 54. Qxg3+ Kxg3 55. a5 Kf3 56. a6 g3 57. Kg1 Kg4 58. a7 Kxh4 59. a8=Q g2
60. Qxg2 {Black stalemated} 1/2-1/2

[Event "Team 45 45 League T40"]
[Site "Internet Chess Club"]
[Date "2009.03.06"]
[Round "6"]
[White "klt713"]
[Black "RancidTurnip"]
[Result "1-0"]
[WhiteElo "1135"]
[BlackElo "1012"]
[Opening "Queen's Indian: 4.Nc3"]
[ECO "E12"]
[Time "09:00:07"]
[TimeControl "2700+45"]

1. d4 Nf6 2. c4 e6 3. Nc3 b6 4. Nf3 Bb7 5. e3 Be7 6. Bd3 c5 7. O-O cxd4 8. exd4
d6 9. Re1 Na6 10. a3 O-O 11. Qc2 g6 12. Ng5 d5 13. Nf3 Qc7 14. Ne5 Kg7 15. Nb5
Qb8 16. f4 Nc7 17. Nxf7 Rxf7 18. Rxe6 Nxe6 19. f5 Ne4 20. fxe6 Rf6 21. cxd5 Bxd5
22. Nc7 Qxc7 23. Qxc7 Kf8 24. Bh6+ Kg8 25. Qxe7 Rf7 26. Qxf7+ Kh8 27. Qg7#
{Black checkmated} 1-0

[Event "Team 45 45 League T40"]
[Site "Internet Chess Club"]
[Date "2009.03.08"]
[Round "6"]
[White "kjs110"]
[Black "mumu"]
[Result "0-1"]
[WhiteElo "1113"]
[BlackElo "1311"]
[Opening "Konstantinopolsky opening"]
[ECO "C44"]
[Time "18:00:09"]
[TimeControl "2700+45"]

1. e4 e5 2. Nf3 Nc6 3. g3 Nf6 4. d3 Bc5 5. Bg2 d6 6. O-O Be6 7. Nc3 Qc8 8. Bd2
Bh3 9. Bxh3 Qxh3 10. Ng5 Qc8 11. Nd5 Qd8 12. Nxf6+ Qxf6 13. Be3 Bxe3 14. fxe3
Qxg5 15. Qf3 Qg6 16. Rf2 O-O 17. Raf1 Rae8 18. h4 Qe6 19. d4 Qxa2 20. d5 Nd8 21.
b3 b6 22. h5 Qa6 23. h6 f6 24. hxg7 Rf7 25. Rh2 Rxg7 26. Qxf6 Rxg3+ 27. Kh1 Rg6
28. Qh4 Qxf1# {White checkmated} 0-1

[Event "Team 45 45 League T40"]
[Site "Internet Chess Club"]
[Date "2009.03.06"]
[Round "6"]
[White "rgadoury"]
[Black "lawth3"]
[Result "0-1"]
[WhiteElo "1235"]
[BlackElo "1076"]
[Opening "English, 1...Nf6 (Anglo-Indian defense)"]
[ECO "A15"]
[Time "19:30:06"]
[TimeControl "2700+45"]

1. c4 Nf6 2. g3 e6 3. Bg2 Bb4 4. Nf3 O-O 5. O-O c5 6. a3 Ba5 7. d4 d5 8. dxc5
Nbd7 9. b4 Bc7 10. Nc3 Ne5 11. Bb2 Nxc4 12. Rb1 Nxb2 13. Rxb2 b6 14. cxb6 axb6
15. a4 Bd7 16. Ra2 Re8 17. b5 Bc8 18. e3 e5 19. Ne1 Be6 20. Ra1 e4 21. Ne2 Bg4
22. h3 Bf5 23. Nd4 Bd7 24. Nec2 Qc8 25. Nb4 Bxh3 26. Nb3 Re5 27. Nd4 Rh5 28. f3
Bxg2 29. Kxg2 Qh3+ 30. Kf2 Qh2+ 31. Ke1 Bxg3+ 32. Rf2 Qxf2# {White checkmated}
0-1

[Event "Team 45 45 League T40"]
[Site "Internet Chess Club"]
[Date "2009.03.05"]
[Round "6"]
[White "KingOfHearts"]
[Black "taichichen"]
[Result "1-0"]
[WhiteElo "1267"]
[BlackElo "1173"]
[Opening "Giuoco Pianissimo"]
[ECO "C50"]
[Time "19:01:27"]
[TimeControl "2700+45"]

1. e4 e5 2. Nf3 Nc6 3. Bc4 Bc5 4. d3 Nf6 5. Bg5 h6 6. Bh4 g5 7. Bg3 d6 8. h3 Nh5
9. Nxe5 dxe5 10. Qxh5 Qf6 11. O-O O-O 12. Nc3 Be6 13. Nd5 Rac8 14. Nxf6+ Kg7 15.
Bxe6 fxe6 16. Nd7 Bd4 17. Nxf8 Rxf8 18. c3 Bc5 19. Qg4 Rf6 20. Rad1 Bd6 21. d4
exd4 22. Bxd6 cxd6 23. cxd4 Rf4 24. Qxe6 Rf6 25. Qd7+ Rf7 26. Qxd6 Rf4 27. e5
Rf7 28. e6 Rf6 29. Qd7+ Kg6 30. e7 Nxe7 31. Qxe7 Rf7 32. Qe4+ Kg7 33. d5 Rf4 34.
Qe5+ Kg6 35. h4 Rf5 36. Qe6+ Rf6 37. Qg8+ Kh5 38. d6 Rg6 39. Qf7 b5 40. d7 b4
41. d8=Q a5 42. g4+ Kxg4 43. Qxg6 Kxh4 44. Qd4+ Kh3 45. Qh5# {Black checkmated}
1-0

[Event "Team 45 45 League T40"]
[Site "Internet Chess Club"]
[Date "2009.03.07"]
[Round "6"]
[White "ordinaryboy"]
[Black "furrbrain"]
[Result "0-1"]
[WhiteElo "1028"]
[BlackElo "1201"]
[Opening "Nimzo-Indian: three knights variation"]
[ECO "E21"]
[Time "17:00:18"]
[TimeControl "2700+45"]

1. d4 e6 2. c4 Bb4+ 3. Nc3 Nf6 4. Nf3 c5 5. a3 Bxc3+ 6. bxc3 Nc6 7. e3 O-O 8.
Bd3 b6 9. e4 Ba6 10. O-O d5 11. cxd5 Bxd3 12. Qxd3 exd5 13. Bg5 dxe4 14. Bxf6
exd3 15. Bxd8 Raxd8 16. Rad1 c4 17. Ne5 Nxe5 18. dxe5 Rfe8 19. Rfe1 d2 20. Re4
b5 21. f4 f6 22. Kf2 Kf7 23. g4 Rd3 24. Ke2 Red8 25. Re3 fxe5 26. fxe5 Ke6 27.
Rxd3 Rxd3 28. Rxd2 Kxe5 29. Rxd3 cxd3+ 30. Kxd3 Kd5 31. h4 h6 32. Kc2 Kc4 33.
Kb2 a6 34. Kc2 a5 35. Kb2 a4 36. Kc2 g6 37. g5 h5 38. Kd2 Kb3 39. Kd3 Kxa3 40.
Kc2 Ka2 41. Kc1 Kb3 42. Kb1 Kxc3 43. Ka2 b4 44. Kb1 b3 45. Ka1 a3 46. Kb1 Kb4
47. Ka1 b2+ 48. Kb1 Kc3 49. Ka2 Kc2 50. Kxa3 b1=Q 51. Ka4 Kc3 52. Ka5 Kc4 53.
Ka6 Kc5 54. Ka7 Kc6 55. Ka8 Qb7# {White checkmated} 0-1

[Event "Team 45 45 League T40"]
[Site "Internet Chess Club"]
[Date "2009.03.10"]
[Round "6"]
[White "quotha"]
[Black "musk6868"]
[Result "0-1"]
[WhiteElo "1681"]
[BlackElo "1710"]
[Opening "Giuoco Piano: four knights variation"]
[ECO "C47"]
[Time "19:33:05"]
[TimeControl "2700+45"]

1. e4 e5 2. Nc3 Nc6 3. Nf3 Nf6 4. Bc4 Bc5 5. O-O O-O 6. a3 a6 7. b4 Ba7 8. Bb2
d6 9. h3 Be6 10. Bxe6 fxe6 11. b5 axb5 12. d3 b4 13. axb4 Nxb4 14. Qd2 Nc6 15.
Nb5 Bb6 16. Rab1 Qe7 17. Qc3 Nh5 18. Bc1 Rxf3 19. gxf3 Ng3 20. Re1 Qh4 21. Kg2
Bxf2 22. Bg5 Bxe1 23. Qxe1 Qxg5 24. Qxg3 Qd2+ 25. Qf2 Qa5 26. Rb3 Ra6 27. c4 Nd4
28. Nxd4 exd4 29. Rxb7 Qg5+ 30. Kh2 Qf4+ 31. Kg2 c5 32. Rb3 Ra7 33. Qg3 Ra2+
{White resigns} 0-1

[Event "Team 45 45 League T40"]
[Site "Internet Chess Club"]
[Date "2009.03.08"]
[Round "6"]
[White "AlterEgo"]
[Black "jacknor"]
[Result "0-1"]
[WhiteElo "1499"]
[BlackElo "1609"]
[Opening "Sicilian: accelerated fianchetto, Maróczy bind, 6.Be3"]
[ECO "B38"]
[Time "10:00:20"]
[TimeControl "2700+45"]

1. e4 c5 2. Nf3 Nc6 3. d4 cxd4 4. Nxd4 g6 5. c4 Bg7 6. Be3 Nf6 7. Nc3 d6 8. Qd2
Nxd4 9. Bxd4 O-O 10. f4 Bd7 11. O-O-O a6 12. e5 Ne8 13. Nd5 Bg4 14. Be2 Bxe2 15.
Qxe2 Rc8 16. Kb1 Rc6 17. Nb4 Rc8 18. Qf3 Rxc4 19. Qxb7 Qc8 20. Qxc8 Rxc8 21.
Nxa6 dxe5 22. fxe5 e6 23. Bc5 Bxe5 24. Bxf8 Kxf8 25. Rc1 Ra8 26. Nb4 Rb8 27. a3
Bf6 28. Nd3 Nd6 29. b4 Nb5 30. Nc5 Nxa3+ 31. Ka2 Ra8 32. Kb3 Nb5 33. Nd7+ Kg7
34. Nxf6 Kxf6 35. Rhf1+ Kg7 36. Ra1 Rc8 37. Ra5 Nd4+ 38. Ka4 Rc2 39. Ra1 Rxg2
40. b5 Rxh2 41. b6 Rb2 42. Ra6 g5 43. Ka3 {White resigns} 0-1

[Event "Team 45 45 League T40"]
[Site "Internet Chess Club"]
[Date "2009.03.10"]
[Round "6"]
[White "ErycC"]
[Black "ticopatzer"]
[Result "1-0"]
[WhiteElo "1653"]
[BlackElo "1507"]
[Opening "Bird: From gambit"]
[ECO "A02"]
[Time "20:37:55"]
[TimeControl "2700+45"]

1. f4 e5 2. d3 d6 3. Nf3 Nc6 4. Nc3 Be6 5. g3 Nf6 6. Bg2 Nd5 7. Nxd5 Bxd5 8. e4
Be6 9. fxe5 dxe5 10. Be3 Be7 11. d4 exd4 12. Nxd4 Nxd4 13. Bxd4 Qd7 14. Bxg7 Rg8
15. Qxd7+ Bxd7 16. Be5 O-O-O 17. O-O-O Bg4 18. Rd3 Bg5+ 19. Kb1 Be2 20. Rxd8+
Rxd8 21. Re1 Be3 22. b3 Rd1+ 23. Rxd1 Bxd1 24. Bh3+ Kb8 25. Bf5 h5 26. Bf4 Bg1
27. h3 Bh2 28. Kc1 Bf3 29. Kd2 Bg1 30. Be3 Bh2 31. g4 h4 32. g5 Bg2 33. Kd3 Be5
34. Bf2 Bg3 35. Ke3 b5 36. Bxg3 hxg3 37. Kf4 {Black resigns} 1-0

[Event "Team 45 45 League T40"]
[Site "Internet Chess Club"]
[Date "2009.03.05"]
[Round "6"]
[White "guyd52"]
[Black "cobbler"]
[Result "0-1"]
[WhiteElo "1363"]
[BlackElo "1148"]
[Opening "Réti opening"]
[ECO "A05"]
[Time "15:01:01"]
[TimeControl "2700+45"]

1. Nf3 Nf6 2. g3 d5 3. Bg2 Bg4 4. O-O Bxf3 5. Bxf3 e5 6. d3 Nc6 7. Nd2 Nd4 8.
Bg2 g6 9. c3 Ne6 10. b4 Bg7 11. Bb2 c6 12. e4 O-O 13. Re1 d4 14. Nf3 Qd6 15. a3
b6 16. Bh3 c5 17. Qb3 Rfe8 18. Bc1 Rab8 19. Bxe6 fxe6 20. cxd4 cxd4 21. Bb2 Nd7
22. Rac1 Rbc8 23. Ng5 Rxc1 24. Bxc1 h6 25. Nh3 b5 26. f4 Kh7 27. Rf1 Nf6 28. Kg2
Ng4 29. Rf3 Rc8 30. Bd2 Qc6 31. Kf1 Qc2 32. Qxc2 Rxc2 33. Ke1 Nxh2 34. Rf2 Ng4
35. Rg2 Ra2 36. Nf2 Ne3 37. Rh2 Rxa3 38. Bxe3 dxe3 39. Ng4 Ra1+ 40. Ke2 Ra2+ 41.
Kxe3 Rxh2 42. Nxh2 Bf8 43. Nf3 Bxb4 44. Nxe5 Kg7 45. d4 Bd6 46. Nc6 b4 47. Nxa7
b3 48. Kd3 Bb4 49. Nb5 Be1 50. Na3 Bxg3 51. Ke3 h5 52. Kf3 Be1 53. Ke2 Bb4 54.
Nb1 Kh6 55. Kf3 g5 56. d5 exd5 57. exd5 Bd6 58. fxg5+ Kxg5 59. Nd2 b2 60. Nb1
Kh4 61. Kg2 Kg4 62. Nd2 h4 63. Nb1 h3+ 64. Kh1 Kg3 65. Nd2 h2 66. Nb1 Kf2 67.
Na3 Ke2 68. Kg2 Kd1 69. Nb1 Kc2 70. Na3+ Bxa3 71. Kxh2 b1=Q {White resigns} 0-1

[Event "Team 45 45 League T40"]
[Site "Internet Chess Club"]
[Date "2009.03.07"]
[Round "6"]
[White "jjaillet2007"]
[Black "CoasterBrake"]
[Result "1-0"]
[WhiteElo "1228"]
[BlackElo "1237"]
[Opening "QGD: Marshall defense"]
[ECO "A50"]
[Time "18:30:31"]
[TimeControl "2700+45"]

1. d4 Nf6 2. c4 d5 3. Nc3 b6 4. cxd5 Nxd5 5. e4 Nxc3 6. bxc3 Nc6 7. d5 Ne5 8.
Bf4 Ng6 9. Be3 e6 10. Nf3 Be7 11. Bb5+ Bd7 12. a4 O-O 13. O-O exd5 14. Qxd5 Bxb5
15. axb5 Bf6 16. Bd2 Qxd5 17. exd5 Ne7 18. Nd4 Nxd5 19. Ra3 Bxd4 20. cxd4 h6 21.
Re1 Rfe8 22. Kf1 Rxe1+ 23. Kxe1 c6 24. bxc6 Re8+ 25. Be3 Rc8 26. Rxa7 Rxc6 27.
Rd7 Nxe3 28. fxe3 Rc2 29. Kf1 b5 30. d5 b4 31. Rb7 Kf8 32. d6 Rd2 33. Rb8#
{Black checkmated} 1-0

[Event "Team 45 45 League T40"]
[Site "Internet Chess Club"]
[Date "2009.03.10"]
[Round "6"]
[White "farbror"]
[Black "ars-felidae"]
[Result "0-1"]
[WhiteElo "1138"]
[BlackElo "1203"]
[Opening "Sicilian defense"]
[ECO "B30"]
[Time "04:00:10"]
[TimeControl "2700+45"]

1. e4 c5 2. Nf3 Nc6 3. d3 d6 4. g3 Bg4 5. Bg2 g6 6. O-O Bg7 7. Qd2 h6 8. Qf4 Nf6
9. e5 dxe5 10. Nxe5 Nxe5 11. Qxe5 Nh5 12. Qxc5 Bd4 13. Qb5+ Bd7 14. Qxb7 Rb8 15.
Qd5 Qb6 16. Be3 Bxe3 17. fxe3 Qxe3+ 18. Rf2 Nf6 19. Qf3 Qd4 20. Nc3 O-O 21. Qf4
Qxf4 22. Rxf4 Rxb2 23. Rf2 Rc8 24. Ne4 Nxe4 25. dxe4 Rbxc2 26. Raf1 Bb5 27. Rxc2
Rxc2 28. Rf2 Rc1+ 29. Bf1 Bxf1 30. Rxf1 Rxf1+ 31. Kxf1 Kg7 32. Kf2 Kf6 33. Ke3
Ke5 34. a4 a5 35. Kd3 Kd6 36. Kd4 e5+ 37. Kc4 Kc6 38. Kd3 Kc5 39. Kc3 f5 40.
exf5 gxf5 41. Kb3 f4 42. gxf4 exf4 43. Kc2 Kb4 44. Kd2 Kxa4 45. Ke2 Kb3 {White
resigns} 0-1

[Event "Team 45 45 League T40"]
[Site "Internet Chess Club"]
[Date "2009.03.09"]
[Round "6"]
[White "Zohan"]
[Black "dornoch"]
[Result "1-0"]
[WhiteElo "1246"]
[BlackElo "1016"]
[Opening "Caro-Kann: Panov-Botvinnik attack"]
[ECO "B13"]
[Time "10:00:06"]
[TimeControl "2700+45"]

1. e4 c6 2. d4 d5 3. exd5 cxd5 4. c4 Nf6 5. Nc3 Bf5 6. Qb3 b6 7. cxd5 e6 8. Bc4
Ne4 9. dxe6 fxe6 10. Bxe6 Nxc3 11. bxc3 Bxe6 12. Qxe6+ Be7 13. Nf3 h6 14. Ba3
Qd7 15. Qg6+ Kf8 16. Bxe7+ Qxe7+ 17. Ne5 Qf6 18. Qxf6+ gxf6 19. Ng6+ {Black
resigns} 1-0

[Event "Team 45 45 League T40"]
[Site "Internet Chess Club"]
[Date "2009.03.07"]
[Round "6"]
[White "katabatico"]
[Black "Conjurer"]
[Result "1-0"]
[WhiteElo "1383"]
[BlackElo "1319"]
[Opening "Sicilian: Najdorf, Opocensky variation"]
[ECO "B92"]
[Time "14:00:34"]
[TimeControl "2700+45"]

1. e4 c5 2. Nf3 d6 3. d4 cxd4 4. Nxd4 Nf6 5. Nc3 a6 6. Be2 e5 7. Nb3 b5 8. a3
Bb7 9. Bg5 Be7 10. Bd3 O-O 11. O-O Nbd7 12. f4 b4 13. Nd5 a5 14. axb4 axb4 15.
Rxa8 Bxa8 16. Nd2 Nxd5 17. exd5 Bxg5 18. fxg5 Qxg5 19. Nf3 Qe3+ 20. Kh1 Bxd5 21.
Bxh7+ Kxh7 22. Qxd5 Qe2 23. Qd1 Qa6 24. Ng5+ Kg8 25. h3 Nf6 26. Kh2 d5 27. Rf5
Qd6 28. Qe1 e4+ 29. Kh1 Nh5 30. Nxe4 dxe4 31. Rxh5 f5 32. Qh4 Kf7 33. Rxf5+ Ke8
34. Qxe4+ Qe7 35. Re5 Rf7 36. Rxe7+ Rxe7 37. Qxb4 {Black resigns} 1-0

[Event "Team 45 45 League T40"]
[Site "Internet Chess Club"]
[Date "2009.03.06"]
[Round "6"]
[White "NewfieKnight"]
[Black "sere"]
[Result "1-0"]
[WhiteElo "1149"]
[BlackElo "910"]
[Opening "QGD: 6.Nf3"]
[ECO "D55"]
[Time "13:03:30"]
[TimeControl "2700+45"]

1. d4 d5 2. Nf3 Nf6 3. c4 e6 4. Bg5 Be7 5. Nc3 O-O 6. e3 Ne4 7. Bxe7 Nxc3 8.
bxc3 Qxe7 9. cxd5 exd5 10. Bd3 Nc6 11. Bc2 Be6 12. Qd3 Rad8 13. Qxh7# {Black
checkmated} 1-0

[Event "Team 45 45 League T40"]
[Site "Internet Chess Club"]
[Date "2009.03.10"]
[Round "6"]
[White "MOchess-boy"]
[Black "Razorbackchess"]
[Result "1-0"]
[WhiteElo "1729"]
[BlackElo "1780"]
[Opening "King's Indian: East Indian defense"]
[ECO "A48"]
[Time "22:13:56"]
[TimeControl "2700+45"]

1. d4 Nf6 2. Nf3 g6 3. e3 Bg7 4. c4 d6 5. Nc3 O-O 6. Be2 Nbd7 7. O-O e5 8. Qc2
c6 9. b3 Qc7 10. Bb2 Re8 11. dxe5 dxe5 12. Rfd1 Nc5 13. e4 Ne6 14. Bf1 Nf4 15.
Ne2 Nxe2+ 16. Bxe2 Bh6 17. Bxe5 Rxe5 18. Nxe5 Qxe5 19. Bf3 Bg4 20. Bxg4 Nxg4 21.
g3 Bg7 22. Rab1 Bf8 23. Qe2 Nf6 24. f3 Bc5+ 25. Kg2 h5 26. Rd3 g5 27. h3 h4 28.
gxh4 gxh4 29. Kh1 Nh5 30. Qd2 Nf4 31. Rd8+ Rxd8 32. Qxd8+ Kg7 33. Qd7 Ne6 34.
Qd2 Ng5 35. Qg2 Kh6 36. Qg4 Bf2 37. Qg2 Bg3 38. Rd1 Qe6 39. Rd8 Bf4 40. Rh8+ Kg6
41. Rxh4 Qf6 42. Rg4 Qa1+ 43. Qg1 Qxg1+ 44. Kxg1 Be3+ 45. Kg2 f5 46. exf5+ Kxf5
47. h4 Nf7 48. Kg3 Bc5 49. Rf4+ Kg6 50. h5+ Kg7 51. Kg4 Nh6+ 52. Kh4 Be7+ 53.
Kh3 Nf7 54. Rd4 Kh6 55. Rd7 Ng5+ 56. Kg4 Bc5 57. Rxb7 Nh7 58. Rc7 Nf6+ 59. Kf5
{Black resigns} 1-0

[Event "Team 45 45 League T40"]
[Site "Internet Chess Club"]
[Date "2009.03.10"]
[Round "6"]
[White "sean98"]
[Black "Archdruid"]
[Result "1/2-1/2"]
[WhiteElo "1703"]
[BlackElo "1738"]
[Opening "Ruy Lopez: closed"]
[ECO "C90"]
[Time "18:04:42"]
[TimeControl "2700+45"]

1. e4 e5 2. Nf3 Nc6 3. Bb5 a6 4. Ba4 Nf6 5. O-O b5 6. Bb3 Be7 7. Re1 d6 8. c3
Bg4 9. d3 O-O 10. Nbd2 Na5 11. Bc2 c5 12. Nf1 Qc7 13. h3 Bh5 14. Ng3 Bg6 15. Nh4
Nb7 16. Nxg6 fxg6 17. Rf1 d5 18. exd5 Nxd5 19. Ne4 Nf4 20. Qg4 Kh8 21. Ng5 Qc6
22. Bxf4 exf4 23. Qe6 Qxe6 24. Nxe6 Rf6 25. Nc7 {Game drawn by mutual agreement}
1/2-1/2

[Event "Team 45 45 League T40"]
[Site "Internet Chess Club"]
[Date "2009.03.09"]
[Round "6"]
[White "OOB1"]
[Black "kingphisch"]
[Result "1-0"]
[WhiteElo "1498"]
[BlackElo "1541"]
[Opening "Caro-Kann: advance variation"]
[ECO "B12"]
[Time "18:04:39"]
[TimeControl "2700+45"]

1. e4 c6 2. d4 d5 3. e5 Bf5 4. Nc3 e6 5. Nf3 Nd7 6. Bd3 Bg6 7. Ng5 Be7 8. Bxg6
Bxg5 9. Bxf7+ Kxf7 10. Qf3+ Ke8 11. Qh5+ g6 12. Qxg5 Qxg5 13. Bxg5 Ne7 14. g4 h5
15. f3 c5 16. dxc5 Nxe5 17. Rf1 hxg4 18. Bf6 Nxf3+ 19. Ke2 Rxh2+ 20. Rf2 Rxf2+
21. Kxf2 Kf7 22. Bxe7 Kxe7 23. Kg3 Ne5 24. Re1 Kf6 25. Rf1+ Kg5 26. Nb5 Rc8 27.
b4 a6 28. Nd6 Rc7 29. a3 a5 30. Nb5 Rc8 31. Nd4 axb4 32. Nxe6+ Kh6 33. axb4 Re8
34. Rh1# {Black checkmated} 1-0

[Event "Team 45 45 League T40"]
[Site "Internet Chess Club"]
[Date "2009.03.09"]
[Round "6"]
[White "twintower"]
[Black "Fidelian"]
[Result "1-0"]
[WhiteElo "1437"]
[BlackElo "1202"]
[Opening "Sicilian: Steinitz variation"]
[ECO "B20"]
[Time "20:00:26"]
[TimeControl "2700+45"]

1. e4 c5 2. g3 Nc6 3. Bg2 Nf6 4. d3 d5 5. Nd2 Bg4 6. Ngf3 Nd4 7. O-O dxe4 8.
dxe4 Nxf3+ 9. Bxf3 Bxf3 10. Qxf3 h5 11. Nc4 b6 12. Bg5 Rc8 13. Rad1 Qc7 14. e5
Nh7 15. Bh4 g5 16. Nd6+ exd6 17. exd6 Qd7 18. Rfe1+ Kd8 19. Bxg5+ Nxg5 20. Qf6+
{Black resigns} 1-0